 Dungeon Crawl Stone Soup version 0.18-a0-987-g0b0e4e7 (webtiles) character file.

155 tehphobia the Magician (level 5, -4/28 HPs)
             Began as a Deep Elf Wizard on Jan 3, 2016.
             Killed from afar by an orc wizard (11 damage)
             ... with a puff of flame
             ... on level 2 of the Dungeon.
             The game lasted 00:10:22 (2753 turns).

tehphobia the Magician (Deep Elf Wizard)            Turns: 2753, Time: 00:10:22

Health: -4/28      AC:  2    Str:  4    XL:     5   Next: 14%
Magic:  10/16      EV: 12    Int: 24    God:
Gold:   177        SH:  0    Dex: 13    Spells: 3 memorised, 11 levels left

rFire  . . .     SeeInvis .     x - +0 dagger
rCold  . . .     Gourm    .     a - +0 robe
rNeg   . . .     Faith    .     (no shield)
rPois  +         Spirit   .     b - +0 hat
rElec  .         Dismiss  .     (no cloak)
rCorr  .         Reflect  .     (no gloves)
SustAt .         Harm     .     (no boots)
MR     .....                    (no amulet)
Stlth  ++........               (no ring)
                                e - ring of poison resistance

@: not resistant to hostile enchantments, unstealthy
A: no striking features
a: no special abilities


You were on level 2 of the Dungeon.
You were not hungry.

You visited 1 branch of the dungeon, and saw 3 of its levels.

You collected 177 gold pieces.

Inventory:

Hand Weapons
 x - a +0 dagger (weapon)
Armour
 a - a +0 robe (worn)
 b - a +0 hat (worn)
Jewellery
 e - a ring of poison resistance (left hand)
Wands
 l - a wand of digging (16/24)
 v - a wand of paralysis (11/24)
Scrolls
 f - a scroll of recharging {unknown}
 g - 5 scrolls of remove curse {unknown}
 m - 2 scrolls of teleportation {unknown}
 n - 3 scrolls of blinking {unknown}
 o - 2 scrolls of enchant armour {unknown}
 p - 2 scrolls of magic mapping {unknown}
 r - a scroll of noise {unknown}
 s - 3 scrolls of identify {unknown}
Potions
 i - a potion of lignification {unknown}
 k - a potion of cancellation {unknown}
 q - 2 potions of agility {unknown}
 t - a potion of flight {unknown}
 w - a potion of cure mutation {unknown}
Books
 c - a book of Minor Magic

   Spells                             Type                      Level
   a - Magic Dart                     Conjuration                  1
   b - Blink                          Translocation                2
   c - Call Imp                       Summoning                    2
   d - Repel Missiles                 Charms/Air                   2
   e - Slow                           Hexes                        2
   f - Conjure Flame                  Conjuration/Fire             3
   g - Mephitic Cloud                 Conjuration/Poison/Air       3
Comestibles
 d - 2 bread rations
 j - 2 slices of pizza
 u - a meat ration


   Skills:
 - Level 2.4 Dodging
 - Level 2.4 Stealth
 + Level 6.8 Spellcasting
 * Level 3.2 Conjurations
   Level 1.1 Summonings
 - Level 1.1 Translocations
 + Level 0.4 Fire Magic


You had 11 spell levels left.
You knew the following spells:

 Your Spells              Type           Power        Failure   Level  Hunger
a - Magic Dart            Conj           ###.         1%          1    None
b - Blink                 Tloc           N/A          10%         2    None
c - Conjure Flame         Conj/Fire      ###.....     12%         3    None


Dungeon Overview and Level Annotations

Branches:
Dungeon (3/15)

Altars:


Message History

Deactivating autopickup; reactivate with Ctrl-A.
You hear some strange, mumbled words.
A puff of flame appears from out of thin air!
The puff of flame hits you!
You hear some strange, mumbled words.
A magic dart appears from out of thin air!
The magic dart hits you!
* * * LOW HITPOINT WARNING * * *
You climb upwards.
There is a stone staircase leading down here.
Casting: Magic Dart
Confirm with . or Enter, or press ? or * to list all spells.
You can't see any susceptible monsters within range! (Use Z to cast anyway.) Drink which item? (? for menu, Esc to quit)
It was a potion of curing.
You feel better. Something hits you.
* * * LOW HITPOINT WARNING * * *
You hear some strange, mumbled words.
A puff of flame appears from out of thin air!
The puff of flame hits you!
You die...

##.....<.....#.##.###.##########.
......)#####.....## ##...........
##.....# #.###..###.###########
#.....## #.# #...#.## ##.#.#[##
#.###.##.## #..###.###.....#### #
###.## ##.####.#### ########
...## ##).....[.## #.......
....## ##.#.##..@[.# ########
##.#.###.)#.##.##..# #.......
......#.....##.#...#######.#####.
.......##.#.##..#..(.......#...#.
......###.#.##.....######..#.##'#
......# #.#.....#.## #..#.#.#.
).....###.######.## ##.#.#.##
......#.....# #.# #.#.#...
......#.###.####.# #.#.####


There were no monsters in sight!

Vanquished Creatures
  An orc wizard (D:2)
  7 adders
  An ooze (D:2)
  2 worms (D:2)
  2 giant geckos
  An orc (D:2)
  4 giant cockroaches
  8 goblins
  8 hobgoblins
  8 bats
  2 giant newts
  3 kobolds (D:1)
  4 rats
51 creatures vanquished.

Notes
Turn   | Place    | Note
--------------------------------------------------------------
     0 | D:1      | tehphobia the Deep Elf Wizard began the quest for the Orb.
     0 | D:1      | Reached XP level 1. HP: 10/10 MP: 7/7
   188 | D:1      | Reached skill level 5 in Spellcasting
   269 | D:1      | Reached XP level 2. HP: 15/15 MP: 8/10
   326 | D:1      | Learned a level 2 spell: Blink
   857 | D:1      | Reached XP level 3. HP: 11/19 MP: 0/12
  1097 | D:2      | Learned a level 3 spell: Conjure Flame
  1106 | D:2      | Reached skill level 6 in Spellcasting
  1721 | D:2      | Reached XP level 4. HP: 10/24 MP: 3/14
  2637 | D:2      | Reached XP level 5. HP: 19/28 MP: 10/16
  2753 | D:2      | Killed from afar by an orc wizard

Vault maps used:
D:1:      scummos_arrival_forest, hangedman_decor_growths, roderic_lattice_a
D:2:      roderic_greek_sauvastika
D:3:      first_bread, minivault_25

Action                   |  1- 3 |  4- 6 || total
-------------------------+-------+-------++-------
 Cast: Magic Dart        |    96 |    65 ||   161
       Blink             |     1 |     5 ||     6
       Conjure Flame     |     2 |       ||     2
  Use: Potion            |       |     1 ||     1
  Eat: Chunk             |     2 |     3 ||     5
